 Dungeon Crawl Stone Soup version 0.31.0-11-ge490571c62 (webtiles) character file.

Game seed: 11984545753977065622

1713 ProzacElf the Soothsayer (level 8, -1/53 (58) HPs)
             Began as a Demonspawn Monk on Jan 31, 2024.
             Was a Priest of Nemelex Xobeh.
             Slain by a gnoll
             ... wielding a +0 spear
             ... led by a gnoll bouda
              (8 damage)
             ... on level 6 of the Dungeon.
             The game lasted 00:12:37 (5385 turns).

ProzacElf the Soothsayer (Demonspawn Monk)          Turns: 5385, Time: 00:12:38

HP:   -1/53 (58)    AC: 13    Str: 14    XL:     8   Next: 74%
MP:   14/14         EV:  7    Int: 11    God:    Nemelex Xobeh [***...]
Gold: 111           SH:  0    Dex: 15    Spells: 7/7 levels left

rFire   . . .        b - +1 hand axe (venom)
rCold   + + .        d - orb {light}
rNeg    . . .        F - +0 chain mail of the Mauling Gods {rC+ rCorr Slay+2 Stlth+}
rPois   .            (helmet restricted)
rElec   .            H - +0 cloak
rCorr   +            m - +0 pair of gloves
SInv    .            (no boots)
Will    .....        (no amulet)
Stlth   +            w - ring of protection from cold
HPRegen 0.28/turn    (no ring)
MPRegen 0.14/turn

%: no passive effects
@: glowing, drained
A: horns 2, thin metallic scales 2, powered by pain 1
a: Renounce Religion, Draw Escape, Draw Destruction, Draw Summoning, Triple Draw


You were on level 6 of the Dungeon.
You worshipped Nemelex Xobeh.
Nemelex Xobeh was most pleased with you.
You visited 1 branch of the dungeon, and saw 6 of its levels.

You collected 137 gold pieces.
You spent 26 gold pieces at shops.

Inventory:

Hand Weapons
 a - a +0 long sword
 b - a +1 hand axe of venom (weapon)
 x - a +0 falchion
 A - a +1 bardiche of freezing
 G - a +4 quarterstaff of chaos
Missiles
 r - 8 poisoned darts (quivered)
Armour
 d - an orb of light (worn)
 f - a +0 chain mail
 l - a +0 robe
 m - a +0 pair of gloves (worn)
 n - a +0 leather armour
 o - a scarf of harm
 z - a +0 chain mail
 F - the +0 chain mail of the Mauling Gods (worn) {rC+ rCorr Slay+2 Stlth+}
   (You found it on level 4 of the Dungeon)

   Slay+2:    It affects your accuracy & damage with ranged weapons and melee
   (+2).
   rC+:       It protects you from cold.
   rCorr:     It protects you from acid and corrosion.
   Stlth+:    It makes you more stealthy.
 H - a +0 cloak (worn)
Jewellery
 w - a ring of protection from cold (left hand)
Wands
 s - a wand of polymorph (2)
Scrolls
 g - 6 scrolls of vulnerability {unknown}
 j - 4 scrolls of teleportation {unknown}
 k - a scroll of noise {unknown}
 t - a scroll of amnesia {unknown}
 u - 6 scrolls of identify
 v - a scroll of torment {unknown}
 y - 2 scrolls of enchant armour {unknown}
 C - a scroll of butterflies {unknown}
 D - 2 scrolls of poison {unknown}
 I - a scroll of enchant weapon {unknown}
 K - a scroll of blinking {unknown}
Potions
 c - a potion of ambrosia {!e}
 e - 3 potions of curing {unknown}
 h - 2 potions of might {unknown}
 i - a potion of heal wounds {unknown}
 p - a potion of attraction {unknown}
 q - 2 potions of lignification {unknown}
 B - 2 potions of degeneration {unknown}
 E - a potion of brilliance {unknown}
 J - a potion of magic {unknown}
 L - a potion of berserk rage {unknown}


   Skills:
 - Level 3.0 Fighting
 + Level 7.8 Long Blades
 - Level 2.6 Dodging
 - Level 3.6 Stealth
 + Level 8.9 Invocations


You had 7 spell levels left.
You didn't know any spells.
Your spell library contained the following spells:

 Spells                   Type           Power      Damage    Failure   Level
 Magic Dart               Conj           0%         1d3       100%        1
 Shock                    Conj/Air       0%         1d3       100%        1
 Call Imp                 Summ           0%         N/A       100%        2
 Searing Ray              Conj           0%         2d4       100%        2
 Sublimation of Blood     Necr           0%         N/A       100%        2
 Fugue of the Fallen      Necr           0%         N/A       100%        3
 Gell's Gravitas          Tloc           0%         N/A       100%        3
 Ozocubu's Armour         Ice            0%         N/A       100%        3
 Swiftness                Air            0%         N/A       100%        3
 Teleport Other           Tloc           0%         N/A       100%        3
 Airstrike                Air            0%         2d(0-16)  100%        4
 Fulminant Prism          Conj/Alch      0%         3d5       100%        4
 Manifold Assault         Tloc           0%         N/A       100%        4
 Dispersal                Tloc           0%         N/A       100%        6
 Summon Hydra             Summ           0%         N/A       100%        7


Dungeon Overview and Level Annotations

Branches:
Dungeon (6/15)
 Temple: D:4-7

Altars:
Dithmenos
Nemelex Xobeh
Ru
Trog
Vehumet
Xom

Shops:
D:3 [?

Annotations:
D:3 2 transporters


Innate Abilities, Weirdness & Mutations

You have a pair of horns on your head.
You are mostly covered in thin metallic scales. (AC +3)
You sometimes gain a little power by taking damage.


Message History

Ye feel drain'd.
Tha gnoll bouda gazes fiercely through ye!
Ye feel yer attacks grow feeble.
Ye take 4 damage, an' haf 36/54 hp.
Ye hit tha gnoll.
Tha gnoll be poison'd.
Tha gnoll be heavily wounded.
Tha gnoll hits ye wit' a +2 hand axe o' drainin'.
Ye feel drain'd.
Ye take 4 damage, an' haf 32/53 hp.
Ye hit tha gnoll.
Ye kill tha gnoll!
Ye hit tha gnoll bouda.
Tha gnoll bouda be poison'd.
A gnoll comes inta view.
It be wieldin' a +0 spear.
Tha gnoll bouda barks out a call ta tha hunt!
Tha gnoll picks up tha pace!
Ye hit tha gnoll bouda.
Tha gnoll bouda be heavily wounded.
Tha gnoll bouda hits ye wit' a +0 club.
A gnoll comes inta view.
It be wieldin' a +0 spear.
Tha gnoll bouda hits ye wit' a +0 club.
Tha ogre hits ye wit' a +0 giant spiked club!!
* * * LOW HITPOINT WARNIN'
* * * Ye take 22 damage, an' haf 11/53 hp.
MASSIVE DAMAGE!!
Ye be too injured ta fight recklessly!
Ye be too injured ta fight recklessly!
Ye draw a card...
Ye haf drawn tha Tomb.
Walls emerge from tha floor!
Tha deck o' cards glows wit' a rainbow o' weird colours an' disappears.
Yer attacks nay longer feel as feeble.
Tha gnoll bouda hits ye wit' a +0 club.
* * * LOW HITPOINT WARNIN'
* * * Ye take 4 damage, an' haf 7/53 hp.
A gnoll comes inta view.
It be wieldin' a +0 whip o' flamin'.
Tha walls disappear prematurely!
Tha gnoll shouts!
Tha gnoll hits ye but does nay damage.
Tha gnoll bouda barely misses ye.
Tha gnoll hits ye from afar wit' a +0 spear.
* * * LOW HITPOINT WARNIN'
* * * Tha gnoll hits ye from afar wit' a +0 spear!
Ye die...
Yer body glows slightly brighter an' disappears.

# #..##. .## .# #.....
... ..######### ......
..##.##.......# ...g.
#.#...#.#...#.#
.....###$.#..#.......# .
#gg)..###.#..._...#
....##..gO.##..#.....†.#
#......@...#...#.#...#.#
#.....###).#...#.......#
....<.##......†###'''###
.#.##.......#.........#
.. #...............### .
#..............###
##.....####.#### #.....#
#<..# ....... #####


You could see an ogre, a gnoll bouda (very poisoned) and 3 gnolls.

Vanquished Creatures
  Sigmund (D:3)
  A wyvern (D:4)
  Eustachio (D:4)
  A fire bat (D:6)
  Edmund (D:3)
  A black bear (D:6)
  2 sky beasts (D:6)
  A phantom (D:4)
  A scorpion (D:5)
  A bombardier beetle (D:5)
  3 hounds
  An orc priest (D:4)
  2 jellies
  Crazy Yiuf (D:4)
  2 iguanas
  Terence (D:3)
  3 orc wizards
  6 gnolls (D:6)
  7 adders
  A white imp (D:4)
  3 dart slugs
  4 ribbon worms
  11 orcs
  9 bats
  5 endoplasms
  A giant cockroach (D:4)
  6 goblins
  7 hobgoblins
  8 jackals
  2 quokkas
  3 ball pythons
  A frilled lizard (D:2)
  6 kobolds
  11 rats
  A spectral hobgoblin (D:3)
116 creatures vanquished.

Notes
Turn   | Place    | Note
-------+----------+-------------------------------------------
     0 | D:1      | ProzacElf the Demonspawn Monk began the quest for the Orb.
     0 | D:1      | Reached XP level 1. HP: 18/18 MP: 1/1
   169 | D:1      | Reached skill level 1 in Stealth
   236 | D:1      | Gained mutation: You are partially covered in thin metallic
                  | scales. (AC +2) [demonic ancestry]
   236 | D:1      | Reached XP level 2. HP: 24/24 MP: 2/2
  1128 | D:2      | Gained mutation: You sometimes gain a little power by
                  | taking damage. [demonic ancestry]
  1128 | D:2      | Reached XP level 3. HP: 29/29 MP: 3/3
  1821 | D:3      | Found Vavored's Magic Scroll Shoppe.
  1830 | D:3      | Bought a scroll of identify for 26 gold pieces
  1834 | D:3      | Noticed Sigmund
  1859 | D:3      | Killed Sigmund
  1860 | D:3      | Gained mutation: You have a pair of small horns on your
                  | head. [demonic ancestry]
  1860 | D:3      | Reached XP level 4. HP: 35/35 MP: 4/4
  1860 | D:3      | Gained mutation: You have a pair of horns on your head.
                  | [demonic ancestry]
  1860 | D:3      | Reached XP level 5. HP: 41/41 MP: 5/5
  1966 | D:3      | Found a sacrificial altar of Ru.
  1969 | D:3      | Found a sparkling altar of Nemelex Xobeh.
  1975 | D:3      | Became a worshipper of Nemelex Xobeh the Trickster
  1975 | D:3      | Reached * piety under Nemelex Xobeh
  1975 | D:3      | Received a gift from Nemelex Xobeh
  1975 | D:3      | Reached ** piety under Nemelex Xobeh
  2031 | D:3      | Found a transporter.
  2264 | D:3      | Noticed Terence
  2271 | D:3      | Killed Terence
  2272 | D:3      | Reached skill level 1 in Invocations
  2316 | D:3      | Found a bloodstained altar of Trog.
  2477 | D:3      | Found a faded altar of an unknown god.
  2544 | D:3      | Found Epairr's Armour Boutique.
  2762 | D:3      | Found a transporter.
  2870 | D:4      | Noticed Edmund
  2892 | D:3      | Killed Edmund
  2893 | D:3      | Reached skill level 5 in Long Blades
  2893 | D:3      | Reached skill level 3 in Invocations
  2893 | D:3      | Gained mutation: You are mostly covered in thin metallic
                  | scales. (AC +3) [demonic ancestry]
  2893 | D:3      | Reached XP level 6. HP: 24/47 MP: 6/8
  3057 | D:4      | Found a radiant altar of Vehumet.
  3088 | D:4      | Noticed a wyvern
  3097 | D:4      | Killed a wyvern
  3098 | D:4      | Reached skill level 4 in Invocations
  3098 | D:4      | Reached XP level 7. HP: 12/52 MP: 8/10
  3299 | D:4      | Found a shadowy altar of Dithmenos.
  3329 | D:4      | Reached skill level 5 in Invocations
  3437 | D:4      | Reached *** piety under Nemelex Xobeh
  3473 | D:4      | Identified the +0 chain mail of the Mauling Gods {rC+ rCorr
                  | Slay+2 Stlth+}
  3811 | D:4      | Noticed Eustachio
  3816 | D:4      | Killed Eustachio
  3817 | D:4      | Reached skill level 6 in Invocations
  3923 | D:4      | Found a runed translucent door.
  3924 | D:4      | Noticed Crazy Yiuf
  3930 | D:4      | Killed Crazy Yiuf
  4100 | D:5      | Entered Level 5 of the Dungeon
  4102 | D:5      | Reached XP level 8. HP: 58/58 MP: 12/12
  4241 | D:5      | Reached skill level 7 in Invocations
  5125 | D:6      | Found a shimmering altar of Xom.
  5135 | D:6      | Reached skill level 8 in Invocations
  5385 | D:6      | Slain by a gnoll

Illustrated notes

Levels and vault maps discovered:
D:1:      amcnicky_arrival_choice, layout_basic, minmay_misc_feat_iff,
          grunt_decor_arrowhead, palyth_stone_intersect,
          nicolae_concentric_dashed_squares_mild, amcnicky_mini_pool_small
D:2:      layout_basic
D:3:      layout_basic, trog_three_pillars_becter, nicolae_overflow_squiral,
          gammafunk_ghost_gnarly_gnolls,
          dreamdust_ecumenical_altar_drowned_temple, serial_shops,
          shop_fountains, nicolae_shop_scrapyard, hangedman_glass_teeth,
          reono_crystal_passage, grunt_ministairs_3, uniq_sigmund, uniq_terence
D:4:      cheibrodos_barr_body, layout_rooms, lemuel_doored_altar,
          mainiacjoe_overflow_boulevard, minmay_hedge_maze,
          uniq_crazy_yiuf_cottage, uniq_eustachio, uniq_edmund
D:5:      layout_basic, minmay_ruined_shrine
D:6:      layout_cave_pools, regret_index_xom_of_box,
          minmay_temple_entry_slanted

Skill      XL: |  1  2  3  4  5  6  7  8 |
---------------+-------------------------+-----
Stealth        | 1 3 |  3.6
Long Blades    | 3 4 5 6 7 |  7.8
Invocations    | 3 4 6 8 |  8.9
Fighting       | |  3.0
Dodging        | |  2.6

Action                     |  1- 3 |  4- 6 |  7- 9 || total
---------------------------+-------+-------+-------++-------
  Melee: Falchion          |    41 |       |       ||    41
         Hand axe          |    35 |    67 |   126 ||   228
         Headbutt          |       |    14 |    41 ||    55
  Throw: Dart              |       |     2 |       ||     2
 Invoke: Draw Destruction  |       |     1 |     3 ||     4
         Draw Escape       |       |       |     1 ||     1
 Armour: Robe              |    18 |       |       ||    18
         Leather armour    |    25 |    42 |    16 ||    83
         Chain mail        |       |       |   103 ||   103
  Dodge: Dodged            |    55 |    45 |    46 ||   146

Action                     |  1- 3 |  4- 6 |  7- 9 || total
---------------------------+-------+-------+-------++-------
  Melee: Falchion          |    41 |       |       ||    41
         Hand axe          |    35 |    67 |   126 ||   228
         Headbutt          |       |    14 |    41 ||    55
  Throw: Dart              |       |     2 |       ||     2
 Invoke: Draw Destruction  |       |     1 |     3 ||     4
         Draw Escape       |       |       |     1 ||     1
 Armour: Robe              |    18 |       |       ||    18
         Leather armour    |    25 |    42 |    16 ||    83
         Chain mail        |       |       |   103 ||   103
  Dodge: Dodged            |    55 |    45 |    46 ||   146

Levels and vault maps discovered:
D:1:      amcnicky_arrival_choice, layout_basic, minmay_misc_feat_iff,
          grunt_decor_arrowhead, palyth_stone_intersect,
          nicolae_concentric_dashed_squares_mild, amcnicky_mini_pool_small
D:2:      layout_basic
D:3:      layout_basic, trog_three_pillars_becter, nicolae_overflow_squiral,
          gammafunk_ghost_gnarly_gnolls,
          dreamdust_ecumenical_altar_drowned_temple, serial_shops,
          shop_fountains, nicolae_shop_scrapyard, hangedman_glass_teeth,
          reono_crystal_passage, grunt_ministairs_3, uniq_sigmund, uniq_terence
D:4:      cheibrodos_barr_body, layout_rooms, lemuel_doored_altar,
          mainiacjoe_overflow_boulevard, minmay_hedge_maze,
          uniq_crazy_yiuf_cottage, uniq_eustachio, uniq_edmund
D:5:      layout_basic, minmay_ruined_shrine
D:6:      layout_cave_pools, regret_index_xom_of_box,
          minmay_temple_entry_slanted
